 Dungeon Crawl Stone Soup version 0.31-a0-161-gb58dd9be76 (webtiles) character file.

Game seed: 15647581754299722350

74 qw the Shooter (level 4, 0/28 HPs)
             Began as a Gargoyle Hunter on June 12, 2023.
             Slain by a scorpion (6 damage)
             ... on level 2 of the Dungeon.
             The game lasted 00:00:32 (1308 turns).

qw the Shooter (Gargoyle Hunter)                    Turns: 1308, Time: 00:00:33

Health: 0/28       AC:  8    Str: 15    XL:     4   Next: 30%
Magic:  4/4        EV: 11    Int:  9    God:
Gold:   101        SH:  0    Dex: 15    Spells: 3/3 levels left

rFire   . . .        Y - +0 shortbow
rCold   . . .        (shield currently unavailable)
rNeg    + + .        e - +0 ring mail
rPois   inf          (no helmet)
rElec   +            (no cloak)
rCorr   .            (no gloves)
SInv    .            (no boots)
Will    +....        (no amulet)
Stlth   +            g - ring of willpower
HPRegen 0.24/turn    c - ring of positive energy
MPRegen 0.09/turn

%: no passive effects
@: no status effects
A: sickness immunity, AC +3, negative energy resistance 1, electricity
resistance, torment resistance 1, petrification resistance
a: no special abilities


You were on level 2 of the Dungeon.
You visited 1 branch of the dungeon, and saw 3 of its levels.

You collected 101 gold pieces.


Innate Abilities, Weirdness & Mutations

You are immune to sickness and miasma.
Your stone body is resilient. (AC +3)
You are immune to poison.
You resist negative energy. (rN+)
You are resistant to electric shocks. (rElec)
You are resistant to unholy torment.
You are immune to petrification.


   Skills:
 - Level 3.2 Fighting
 + Level 5.1 Ranged Weapons
 - Level 1.0 Armour
 - Level 1.5 Dodging
 - Level 1.1 Stealth


You had 3 spell levels left.
You didn't know any spells.
Your spell library was empty.

Inventory:

Hand Weapons
 Y - a +0 shortbow (weapon)
Armour
 e - a +0 ring mail (worn)
Jewellery
 c - a ring of positive energy (right hand)
 g - a ring of willpower (left hand)
Scrolls
 a - a scroll of identify
 i - a scroll of teleportation
Potions
 b - a potion of lignification
 f - a potion of curing

Dungeon Overview and Level Annotations

Branches:
Dungeon (3/15)

Altars:


Message History

The quokka closely misses you. The goblin barely misses you.
The quokka barely misses you.
You shoot an arrow. The arrow closely misses the quokka.
The scorpion closely misses you. The goblin closely misses you.
The quokka closely misses you. The scorpion misses you.
You shoot an arrow. The arrow hits the quokka.
The quokka is almost dead.
The quokka barely misses you. The goblin hits you with a +0 club.
The scorpion stings you. The quokka barely misses you.
The goblin closely misses you.
You shoot an arrow. The arrow barely misses the quokka.
The scorpion stings you but does no damage.
The quokka barely misses you. The goblin misses you.
The scorpion closely misses you.
You shoot an arrow. The arrow completely misses the quokka.
The quokka bites you but does no damage.
The scorpion completely misses you. The goblin hits you with a +0 club.
The quokka misses you.
You shoot an arrow. The arrow hits the quokka.
You kill the quokka!
The scorpion misses you. The goblin hits you but does no damage.
The scorpion barely misses you.
You shoot an arrow. The arrow hits the scorpion.
The scorpion is lightly wounded.
The goblin closely misses you. The scorpion stings you.
You shoot an arrow. The arrow barely misses the scorpion.
The goblin hits you but does no damage.
The scorpion stings you but does no damage.
The goblin closely misses you. The scorpion stings you.
You shoot an arrow.
The arrow completely misses the scorpion.
The scorpion barely misses you. The goblin hits you with a +0 club.
You shoot an arrow. The arrow hits the scorpion!
The scorpion is severely wounded.
The scorpion barely misses you. The goblin hits you but does no damage.
You shoot an arrow.
The arrow hits the scorpion but does no damage.
The scorpion is severely wounded.
The scorpion stings you. The goblin closely misses you.
The scorpion stings you.
You die...

....##########.#.######.#
....# #........#.#......#
....###........#.#.###..#
#..............#.#.# #..######
#.........##...#.#.###.......#
#.........##.###.#...#.#####.#
#.........##.# #.###.#.#####.#
#.........##.###s# #.#.......#
...............g@# #.#########
#.........##.###%# #.#
..........##.# #.# #.#
##........##.# #.# #.#
.......#####.###.###.#
.......#####.........#
.......##.........####
.......##.........#
.......##.........#


You could see a scorpion and a goblin.

Vanquished Creatures
  An orc wizard (D:3)
  2 worms (D:2)
  A dart slug (D:1)
  2 orcs (D:3)
  3 ball pythons (D:1)
  4 endoplasms
  2 giant cockroaches
  4 goblins
  4 hobgoblins (D:1)
  3 kobolds (D:1)
  4 quokkas
  3 bats
  2 rats (D:1)
35 creatures vanquished.

Notes
Turn   | Place    | Note
-------+----------+-------------------------------------------
     0 | D:1      | qw the Gargoyle Hunter began the quest for the Orb.
     0 | D:1      | Reached XP level 1. HP: 12/12 MP: 1/1
     0 | D:1      | 0 ||| qw: Version: 0.2-a-29-gc1b59c4
     0 | D:1      | 0 ||| qw: Game counter: 4167
     0 | D:1      | 0 ||| qw: Always use a shield: true
     0 | D:1      | 0 ||| qw: God list: Okawaru
     0 | D:1      | 0 ||| qw: Allow faded altars: false
     0 | D:1      | 0 ||| qw: Do Orc after D:15 true
     0 | D:1      | 0 ||| qw: Do second Lair branch before Depths: true
     0 | D:1      | 0 ||| qw: Lair rune preference: random
     0 | D:1      | 0 ||| qw: Plans: Normal, Zot:1-4, Slime:5, God:TSO, Crypt,
                  | Tomb, Abyss, Pan, Hells, Win
     0 | D:1      | 0 ||| PLANNING D:1-11
   111 | D:1      | Reached XP level 2. HP: 17/17 MP: 2/2
   374 | D:1      | Reached XP level 3. HP: 21/21 MP: 3/3
   432 | D:1      | Reached skill level 5 in Ranged Weapons
   533 | D:1      | 533 ||| UPGRADING to +0 ring mail.
   543 | D:1      | 543 ||| DROPPING +0 leather armour.
   544 | D:1      | 544 ||| UPGRADING to ring of willpower.
   545 | D:1      | 545 ||| READING 2 scrolls labelled HOORIB CIMUHO.
   546 | D:1      | 546 ||| DROPPING scroll of butterflies.
   752 | D:2      | Reached skill level 1 in Armour
  1183 | D:2      | 1183 ||| UPGRADING to ring of positive energy.
  1184 | D:2      | 1184 ||| READING scroll labelled DOAJAW KIFE.
  1185 | D:2      | 1185 ||| READING 2 scrolls labelled HUUTHE XIRCHI.
  1189 | D:2      | 1189 ||| READING 4 scrolls of identify.
  1189 | D:2      | 1189 ||| IDENTIFYING purple potion
  1190 | D:2      | 1190 ||| READING 3 scrolls of identify.
  1190 | D:2      | 1190 ||| IDENTIFYING clear potion
  1191 | D:2      | 1191 ||| READING 2 scrolls of identify.
  1191 | D:2      | 1191 ||| IDENTIFYING inky potion
  1192 | D:2      | 1192 ||| DROPPING potion of enlightenment.
  1221 | D:3      | Noticed a scorpion
  1221 | D:3      | Found a faded altar of an unknown god.
  1225 | D:3      | Reached skill level 3 in Fighting
  1225 | D:3      | Reached XP level 4. HP: 28/28 MP: 4/4
  1243 | D:3      | 1243 ||| FLEEEEING.
  1244 | D:3      | 1244 ||| STAIRDANCE
  1295 | D:3      | Noticed a scorpion
  1296 | D:3      | 1296 ||| STAIRDANCE
  1308 | D:2      | HP: 6/28 [scorpion (3)]
  1308 | D:2      | Slain by a scorpion

Levels and vault maps discovered:
D:1:      wander_arrival_lonely_grave, layout_basic
D:2:      layout_basic, moated_statue
D:3:      layout_rooms, nemelex_dance_club_becter, nicolae_ecumenical_oubliette

Skill      XL: |  1  2  3 |
---------------+----------+-----
Ranged Weapons | 5 |  5.1
Armour         | 1 |  1.0
Fighting       | 3 |  3.2
Dodging        | |  1.5
Stealth        | |  1.1

Action                     |  1- 3 |  4- 6 || total
---------------------------+-------+-------++-------
   Fire: Shortbow          |    92 |    26 ||   118
    Use: Scroll            |     6 |       ||     6
 Armour: Leather armour    |     1 |       ||     1
         Ring mail         |     1 |     9 ||    10
  Dodge: Dodged            |    16 |    28 ||    44

Table legend:
 A = Non-vault XP
 B = Vault XP
 C = Vault XP percentage of total XP
 D = Non-vault monster count
 E = Vault monster count
 F = Vault count percentage of total count
                 A         B        C        D         E       F
            +---------+---------+-------+---------+---------+-------
      Total |     107 |       0 |   0.0 |      35 |       0 |   0.0
            +---------+---------+-------+---------+---------+-------
        D:1 |      41 |       0 |   0.0 |      23 |       0 |   0.0
        D:2 |      21 |       0 |   0.0 |       8 |       0 |   0.0
        D:3 |      45 |       0 |   0.0 |       4 |       0 |   0.0
            +---------+---------+-------+---------+---------+-------
